 Dungeon Crawl Stone Soup version 0.16.1-51-g6203257 (webtiles) character file.

219 Jb9000 the Chiller (level 5, -2/29 HPs)
             Began as a Gargoyle Ice Elementalist on July 18, 2015.
             Slain by Duvessa
             ... wielding a +0 rapier
              (4 damage)
             ... on level 4 of the Dungeon.
             The game lasted 00:18:36 (3357 turns).

Jb9000 the Chiller (Gargoyle Ice Elementalist)      Turns: 3357, Time: 00:18:36

Health: -2/29      AC: 13    Str: 16    XL:     5   Next: 96%
Magic:  2/9        EV: 16    Int: 16    God:
Gold:   277        SH:  0    Dex: 15    Spells: 2 memorised, 6 levels left

rFire  . . .     SeeInvis .     y - +2 short sword (venom)
rCold  . . .     Clarity  .     A - +0 ring mail
rNeg   + . .     SustAb   .     (no shield)
rPois  ∞         Gourm    .     t - +2 helmet
rElec  +         Spirit   .     (no cloak)
rCorr  .         Warding  .     g - +0 pair of gloves
rMut   .         Stasis   +     (no boots)
MR     .....                    a - amulet of stasis
Stlth  +++.......               (no ring)
                                f - +4 ring of strength

@: agile, not resistant to hostile enchantments, fairly stealthy
A: negative energy resistance 1, electricity resistance, unbreathing,
petrification resistance, rot immunity, AC +4
a: no special abilities


You were on level 4 of the Dungeon.
You were not hungry.

You visited 1 branch of the dungeon, and saw 4 of its levels.

You collected 277 gold pieces.

Inventory:

Hand weapons
 h - a +0 dagger of electrocution
 l - a +0 blowgun
 y - a +2 short sword of venom (weapon)
Missiles
 x - 19 poisoned needles
 D - 14 bolts
 E - 28 arrows
 G - 14 poisoned arrows
Armour
 d - a +0 ring mail
 g - a +0 pair of gloves (worn)
 t - a +2 helmet (worn)
 u - a +0 leather armour
 A - a +0 ring mail (worn)
Jewellery
 a - an amulet of stasis (around neck)
 f - a +4 ring of strength (left hand)
Scrolls
 e - a scroll of teleportation {unknown}
 i - a scroll of immolation
 m - a scroll of amnesia {unknown}
 p - a scroll of magic mapping {unknown}
 q - a scroll of enchant weapon
 r - a scroll of random uselessness {unknown}
 v - 2 scrolls of remove curse
 B - a scroll of noise {unknown}
Potions
 j - a potion of heal wounds {unknown}
 k - a potion of lignification {unknown}
 n - 2 potions of curing
 o - a potion of restore abilities {unknown}
 w - a potion of resistance {unknown}
 z - a potion of might {unknown}
Books
 b - a book of Frost

   Spells                             Type                      Level
   a - Freeze                         Ice                          1
   b - Throw Frost                    Conjuration/Ice              2
   c - Ozocubu's Armour               Charms/Ice                   3
   d - Throw Icicle                   Conjuration/Ice              4
   e - Summon Ice Beast               Ice/Summoning                4
   f - Condensation Shield            Ice                          4
Comestibles
 c - 3 bread rations
 C - a meat ration
 F - a chunk of flesh


   Skills:
 + Level 1.5 Fighting
 + Level 0.8 Short Blades
 + Level 0.0 Throwing
 + Level 1.8 Armour
 + Level 2.1 Dodging
 + Level 3.3 Stealth
 + Level 2.5 Spellcasting
 * Level 2.5 Conjurations
 * Level 3.9 Ice Magic


You had 6 spell levels left.
You knew the following spells:

 Your Spells              Type           Power        Failure   Level  Hunger
a - Freeze                Ice            ##..         10%         1    #......
b - Throw Frost           Conj/Ice       ##....       17%         2    ##.....


Dungeon Overview and Level Annotations

Branches:
Dungeon (4/15)
 Temple: D:4-7

Altars:

Annotations:
D:4 Dowan, Duvessa, Eustachio


Innate Abilities, Weirdness & Mutations

You are resistant to torment.
You are immune to poison.
Your stone body is very resilient (AC +4).
You resist negative energy.
You are resistant to electric shocks.
You can survive without breathing.
You are immune to petrification.
You are immune to rotting.


Message History

Duvessa closely misses you.
You hit Duvessa.
Duvessa is heavily wounded.
Duvessa barely misses you.
You hit Duvessa.
Duvessa is poisoned.
Duvessa is severely wounded.
Duvessa barely misses you. Duvessa misses you.
You hit Duvessa.
Duvessa looks even sicker.
Duvessa is severely wounded.
Duvessa misses you.
You barely miss Duvessa.
Duvessa is severely wounded.
Duvessa barely misses you. Duvessa hits you with a rapier.
* * * LOW HITPOINT WARNING * * *
You hit Duvessa but do no damage.
Duvessa is severely wounded.
Duvessa hits you with a rapier.
* * * LOW HITPOINT WARNING * * *
Duvessa hits you with a rapier.
You die...

# #......... ... #.##......
#... #.##...... #...
#.##.#.#.. #...##
###.##...... .....
#####.....#...#. ####.#.#
#...#.#..###....
......#o######.>.).....#.....
##..o*)oe@....#.#.#.....#.
###....##########...<.#...#.
#.........# ###.###.....
#.#...%.#.### #......... #
##.#o.....# #####..###
#........# #(.#
#............. ...#
#..#o....#### #..#
............. .


You could see Duvessa (berserk), 3 orcs and a giant spore.

Vanquished Creatures
  An iguana (D:4)
  2 orc wizards
  4 adders
  3 worms
  7 giant geckos
  12 orcs
  6 bats
  3 giant cockroaches
  7 goblins
  7 hobgoblins
  A quokka (D:4)
  A ball python (D:3)
  3 giant newts
  6 kobolds
  6 rats
69 creatures vanquished.

Notes
Turn   | Place    | Note
--------------------------------------------------------------
     0 | D:1      | Jb9000, the Gargoyle Ice Elementalist, began the quest for the Orb.
     0 | D:1      | Reached XP level 1. HP: 10/10 MP: 3/3
   175 | D:1      | Reached XP level 2. HP: 13/15 MP: 2/4
   303 | D:1      | Learned a level 2 spell: Throw Frost
   694 | D:2      | Reached XP level 3. HP: 8/19 MP: 0/6
  1151 | D:2      | Reached skill level 1 in Armour
  1524 | D:2      | Reached XP level 4. HP: 22/24 MP: 6/8
  1591 | D:2      | You fall through a shaft for 2 floors!
  1771 | D:4      | Noticed Eustachio
  1968 | D:3      | Reached skill level 1 in Fighting
  1968 | D:3      | Reached XP level 5. HP: 27/29 MP: 3/9
  3185 | D:4      | Noticed a phantom
  3186 | D:4      | Noticed Dowan
  3331 | D:4      | Noticed Duvessa
  3357 | D:4      | Slain by Duvessa

Action                   |  1- 3 |  4- 6 || total
-------------------------+-------+-------++-------
Melee: Unarmed           |     5 |       ||     5
       Dagger            |    29 |    59 ||    88
       Short sword       |       |    20 ||    20
 Fire: Blowgun           |       |    13 ||    13
 Cast: Freeze            |    47 |    39 ||    86
       Throw Frost       |       |    12 ||    12
  Use: Scroll            |       |     6 ||     6
       Potion            |       |     2 ||     2
 Stab: Sleeping          |       |     3 ||     3
  Eat: Chunk             |     3 |     5 ||     8
       Beef jerky        |       |     1 ||     1
